 Dungeon Crawl Stone Soup version 0.14.1-3-gd16b60d (webtiles) character file.

6535 FedhasBadass the Conjurer (level 10, 0/78 HPs)
             Began as a White Draconian Conjurer on May 18, 2014.
             Was a Believer of Fedhas.
             Slain by a spiny frog (13 damage)
             ... on Level 1 of the Lair of Beasts.
             The game lasted 00:44:48 (10976 turns).

FedhasBadass the Conjurer (DrCj)                   Turns: 10976, Time: 00:44:49

HP   0/78        AC  7     Str 10 (11) XL: 10   Next: 44%
MP  28/28        EV 12     Int 18      God: Fedhas [**....]
Gold 967         SH  0     Dex 12      Spells:  5 memorised, 15 levels left

rFire  . . .     SeeInvis +     B - +5,+8 short sword "Thuzaot" {drain, Noisy rN+ SInv}
rCold  + . .     Clarity  .     (armour unavailable)
rNeg   + . .     Conserve .     (no shield)
rPois  .         rCorr    .     (helmet restricted)
rElec  .         rRot     .     (no cloak)
SustAb . .       Spirit   .     (no gloves)
rMut   .         Warding  .     (no boots)
Saprov . . .     Stasis   .     (no amulet)
MR     .....                    (no ring)
                                N - ring of sustenance

@: not resistant to hostile enchantments, fairly stealthy
A: breathe frost, unfitting armour, cold resistance 1, AC +7
a: Breathe Frost, Evolution, Sunlight, Renounce Religion


You were on level 1 of the Lair of Beasts.
You worshipped Fedhas.
Fedhas was pleased with you.
You were hungry.

You visited 3 branches of the dungeon, and saw 10 of its levels.
You also visited: Ossuary.

You collected 967 gold pieces.

Inventory:

Hand weapons
 B - the +5,+8 short sword "Thuzaot" (weapon) {drain, Noisy rN+ SInv}
   (You found it on level 6 of the Dungeon)

   A truly terrible weapon, it drains the life of those it strikes.
   It protects you from negative energy.
   It enhances your eyesight.
   It may make noises in combat.
Magical devices
 i - a wand of confusion (7) {unknown}
 k - a wand of flame (10) {unknown}
 y - a wand of lightning (7) {unknown}
 J - a wand of lightning (6) {unknown}
 L - a wand of flame (12) {unknown}
 M - a wand of disintegration (11) {unknown}
Comestibles
 b - 6 bread rations
 o - a rotting chunk of giant gecko flesh
 D - a meat ration
Scrolls
 a - a scroll of magic mapping
 d - a scroll of fear {unknown}
 e - a scroll of fog
 f - 5 scrolls of remove curse
 j - 6 scrolls of identify
 l - a scroll of random uselessness
 n - 2 scrolls of blinking {unknown}
 r - 2 scrolls of noise {unknown}
 t - 2 scrolls of enchant weapon II {unknown}
 v - a scroll of teleportation {unknown}
 x - a scroll of immolation {unknown}
 F - 2 scrolls of enchant weapon I {unknown}
 H - a scroll of recharging {unknown}
 O - a scroll of amnesia {unknown}
Jewellery
 N - a ring of sustenance (left hand)
Potions
 g - a potion of flight {unknown}
 m - 3 potions of restore abilities
 q - 2 potions of brilliance {unknown}
 s - a potion of might {unknown}
 w - 3 potions of haste {unknown}
 z - a potion of berserk rage {unknown}
 A - a potion of cure mutation {unknown}
 C - 2 potions of agility {unknown}
 E - a potion of curing
 G - 2 potions of invisibility {unknown}
 I - a potion of porridge
 P - a potion of poison {unknown}
Books
 c - a book of Conjurations

   Spells                             Type                      Level
   *Magic Dart                        Conjuration                  1
   *Searing Ray                       Conjuration                  2
   *Dazzling Spray                    Conjuration/Hexes            3
   Fulminant Prism                    Conjuration/Hexes            4
   *Iskenderun's Mystic Blast         Conjuration                  4
   Iskenderun's Battlesphere          Conjuration/Charms           5
 h - a book of Clouds

   Spells                             Type                      Level
   *Mephitic Cloud                    Conjuration/Poison/Air       3
   Conjure Flame                      Conjuration/Fire             3
   Poisonous Cloud                    Conjuration/Poison/Air       6
   Freezing Cloud                     Conjuration/Ice/Air          6
   Ring of Flames                     Charms/Fire                  7
Rods
 p - a +2 lightning rod (14/14)
   (You found it on level 8 of the Dungeon)


   Skills:
 + Level 3.8 Fighting
 + Level 3.6 Short Blades
 - Level 1.7 Dodging
 - Level 1.7 Stealth
 + Level 1.8 Unarmed Combat
 * Level 9.5 Spellcasting
 * Level 10.9 Conjurations
 + Level 0.5 Hexes
 - Level 1.0 Air Magic
 - Level 0.4 Poison Magic
 + Level 1.0 Invocations


You had 15 spell levels left.
You knew the following spells:

 Your Spells              Type           Power        Failure   Level  Hunger
a - Magic Dart            Conj           ####         1%          1    None
b - Searing Ray           Conj           #####.       1%          2    None
c - Dazzling Spray        Conj/Hex       ####....     2%          3    None
d - Iskenderun's Mystic   Conj           #####...     1%          4    ###....
e - Mephitic Cloud        Conj/Pois/Air  ###.....     4%          3    None


Dungeon Overview and Level Annotations

Branches:
Dungeon (8/15)             Temple (1/1) D:6            Lair (1/8) D:8

Altars:
Ashenzari
Cheibriados
Dithmenos
Elyvilon
Fedhas
Kikubaaqudgha
Makhleb
Nemelex Xobeh
Okawaru
Sif Muna
Trog
Vehumet
Zin
The Shining One


Innate Abilities, Weirdness & Mutations

You can breathe waves of freezing cold.
You can buffet flying creatures when you breathe cold.
Your icy white scales are hard (AC +7).
Your body does not fit into most forms of armour.
Your cold-blooded metabolism reacts poorly to cold.
Your flesh is cold resistant.


Message History

Drink which item? (? for menu, Esc to quit)
You feel better. The spiny frog closely misses you. The spiny frog stings you!
* * * LOW HITPOINT WARNING * * *
You are lethally poisoned!
The spiny frog poisons you!
Drink which item? (? for menu, Esc to quit)
You feel better. The spiny frog stings you!
* * * LOW HITPOINT WARNING * * *
You are lethally poisoned!
The spiny frog poisons you!
Drink which item? (? for menu, Esc to quit)
You feel better. The spiny frog stings you.
* * * LOW HITPOINT WARNING * * *
Drink which item? (? for menu, Esc to quit)
You feel better. The spiny frog stings you!
* * * LOW HITPOINT WARNING * * *
Drink which item? (? for menu, Esc to quit)
You feel better. The spiny frog stings you!
You die...
Fedhas appreciates your contribution to the ecosystem.

#f.......#..#...#.#...#.....
##.......#......#.....#.....
#.#........#.....#...#.....
#...#.##...#...#.#...######
#...#####..................
#...# #..#.§...#....#....
#...# #§.#§.§#.....F.....
#...# #§§FF..#.#...##+#.#
**.,.* #§@P§..#.#...#.....
*,,*,** #§§#§..#.#...##.##.
**,*,,* #§§#####.#........%
*,*,** ##.....#..#......F..
*,*,* #...##.##.#........f
**,*,* ##..##.........#....
*,,,,* #.....##.#.........
**,*,* #.....##.#.........
*,*,* #..#####.#.#.......


You could see a spiny frog, a blink frog and a friendly oklob plant.

Vanquished Creatures
  Pikel (D:6)
  2 hill giants (D:8)
  The ghost of FedhasBadass the Stinger, an experienced DrVM (D:6)
  A komodo dragon (Lair:1)
  A basilisk (D:8)
  An ugly thing (D:8)
  The ghost of Vasek the Magician, an average DgFE (D:3)
  A hungry ghost (D:7)
  2 sky beasts (D:8)
  An ice beast (D:8)
  A water moccasin (D:8)
  A black bear (D:7)
  2 phantoms
  4 ogres
  A wyvern (D:8)
  A slave (D:6)
  6 giant frogs
  A water moccasin zombie (Ossuary)
  3 scorpions
  2 water moccasin skeletons (Ossuary)
  3 crimson imps
  A quasit (D:7)
  2 orc priests (D:8)
  4 orc wizards
  4 hounds
  2 giant frog skeletons
  5 worker ants
  2 iguanas
  4 goliath beetles
  3 wargs
  2 big kobold zombies (Ossuary)
  2 ogre skeletons (D:8)
  2 mummies (Ossuary)
  5 green rats (Lair:1)
  21 adders
  A scorpion zombie (D:5)
  A shadow imp (D:5)
  2 worms
  An inept feature mimic (D:6)
  A goliath beetle zombie (D:5)
  3 adder zombies
  An adder skeleton (Ossuary)
  6 giant geckos
  An ooze (D:2)
  11 orcs
  6 ball pythons
  16 bats
  20 goblins
  12 hobgoblins
  10 jackals
  21 kobolds
  2 quokkas
  4 giant cockroaches
  9 giant newts
  A gnoll skeleton (Ossuary)
  A goblin skeleton (D:4)
  2 hobgoblin skeletons (Ossuary)
  5 hobgoblin zombies (Ossuary)
  3 kobold skeletons (Ossuary)
  A kobold zombie (Ossuary)
  2 orc skeletons
  An orc zombie (D:6)
  6 rats
  A rat skeleton (D:8)
247 creatures vanquished.

Vanquished Creatures (collateral kills)
  A blink frog (Lair:1)
  A giant slug (Lair:1)
  3 green rats (Lair:1)
  A worm (Lair:1)
6 creatures vanquished.

Vanquished Creatures (others)
  An oklob plant (Lair:1)
  A wandering mushroom (Lair:1)
  A crimson imp (D:6)
  A ball python (D:6)
  A giant newt (D:6)
  A hobgoblin zombie (D:6)
  An orc skeleton (D:6)
  2 butterflies (D:6)
  A plant (D:3)
  36 toadstools
46 creatures vanquished.

Grand Total: 299 creatures vanquished

Notes
Turn   | Place    | Note
--------------------------------------------------------------
     0 | D:1      | FedhasBadass, the Draconian Conjurer, began the quest for the Orb.
     0 | D:1      | Reached XP level 1. HP: 14/14 MP: 3/3
   180 | D:1      | Reached XP level 2. HP: 20/20 MP: 0/4
   578 | D:1      | Reached XP level 3. HP: 16/26 MP: 1/6
   992 | D:2      | Reached skill level 5 in Conjurations
  1142 | D:2      | Learned a level 2 spell: Searing Ray
  1150 | D:2      | Reached XP level 4. HP: 25/34 MP: 0/8
  1403 | D:2      | Reached skill level 1 in Fighting
  1479 | D:2      | Found an ancient bone altar of Kikubaaqudgha.
  1534 | D:3      | Noticed Vasek's ghost (average DgFE)
  1685 | D:3      | Found an ancient bone altar of Kikubaaqudgha.
  1800 | D:3      | Reached XP level 5. HP: 26/40 MP: 0/11
  1950 | D:3      | Reached skill level 1 in Unarmed Combat
  2325 | D:3      | Found a deep blue altar of Sif Muna.
  2580 | D:3      | HP: 2/40 [Vasek's ghost (6)]
  2582 | D:3      | Killed Vasek's ghost
  2582 | D:3      | Reached skill level 6 in Conjurations
  2582 | D:3      | Reached XP level 6. HP: 24/48 MP: 1/13
  3268 | D:4      | Learned a level 3 spell: Dazzling Spray
  3273 | D:4      | Learned a level 4 spell: Iskenderun's Mystic Blast
  3652 | D:4      | Learned a level 3 spell: Mephitic Cloud
  3685 | D:4      | Your scales start taking on an icy white colour.
  3685 | D:4      | Gained mutation: Your flesh is cold resistant. [draconian maturity]
  3685 | D:4      | Reached XP level 7. HP: 53/53 MP: 6/17
  3846 | D:5      | Entered Level 5 of the Dungeon
  4217 | D:5      | Reached skill level 5 in Spellcasting
  4483 | D:5      | Reached skill level 7 in Conjurations
  4715 | D:6      | Noticed FedhasBadass' ghost (experienced DrVM)
  4774 | D:6      | Found a staircase to the Ecumenical Temple.
  4814 | Temple   | Entered the Ecumenical Temple
  4857 | Temple   | Became a worshipper of Fedhas Madash
  5122 | D:6      | Got a transparent short sword
  5123 | D:6      | Identified the +5,+8 short sword "Thuzaot" {drain, Noisy rN+ SInv} (You found it on level 6 of the Dungeon)
  5194 | D:6      | Noticed Pikel
  5211 | D:6      | Killed Pikel
  5211 | D:6      | Reached skill level 8 in Conjurations
  5211 | D:6      | Reached XP level 8. HP: 27/62 MP: 7/22
  5588 | D:6      | Killed FedhasBadass' ghost
  6225 | D:7      | Reached skill level 9 in Conjurations
  6305 | D:7      | Reached XP level 9. HP: 27/68 MP: 24/24
  6535 | D:7      | Reached skill level 1 in Short Blades
  6644 | D:7      | Found a sand-covered staircase.
  6649 | Ossuary  | Entered an ossuary
  6750 | Ossuary  | Acquired Fedhas' first power
  7320 | D:8      | Noticed a hill giant
  7548 | D:8      | Noticed a hill giant
  7802 | D:8      | Reached skill level 10 in Conjurations
  7937 | D:8      | Found a staircase to the Lair.
  8549 | D:7      | Reached skill level 1 in Air Magic
  9405 | D:8      | Killed a hill giant
  9405 | D:8      | Reached XP level 10. HP: 37/78 MP: 2/27
  9623 | D:8      | Killed a hill giant
 10179 | D:8      | Acquired Fedhas' second power
 10611 | Lair:1   | Entered Level 1 of the Lair of Beasts
 10953 | Lair:1   | Reached skill level 1 in Invocations
 10976 | Lair:1   | Slain by a spiny frog

Action                   |  1- 3 |  4- 6 |  7- 9 | 10-12 || total
-------------------------+-------+-------+-------+-------++-------
Melee: Unarmed           |   124 |    34 |     7 |       ||   165
       Short sword       |       |       |   268 |    80 ||   348
 Cast: Magic Dart        |    72 |   100 |   129 |    24 ||   325
       Searing Ray       |       |     7 |    27 |       ||    34
       Dazzling Spray    |       |     3 |    11 |     4 ||    18
       Mephitic Cloud    |       |       |    14 |     9 ||    23
       Iskenderun's Myst |       |       |     8 |     2 ||    10
Invok: Evolution         |       |       |       |     6 ||     6
  Use: Potion            |       |     1 |     7 |     7 ||    15
       Scroll            |       |       |     3 |     4 ||     7
 Stab: Sleeping          |       |       |     2 |     1 ||     3
       Confused          |       |       |       |     3 ||     3
